 Dungeon Crawl Stone Soup version 0.21-a0-346-g330ab2c (webtiles) character file.

1788 qqqbard the Skirmisher (level 9, -14/73 HPs)
             Began as a Gnoll Fighter on Oct 5, 2017.
             Was a Follower of the Shining One.
             Demolished by Vomitron's ghost (17 damage)
             ... in a bailey.
             The game lasted 00:07:11 (5106 turns).

qqqbard the Skirmisher (Gnoll Fighter)              Turns: 5106, Time: 00:07:12

Health: -14/73     AC: 13    Str: 22    XL:     9   Next: 8%
Magic:  14/14      EV:  9    Int: 10    God:    the Shining One [*.....]
Gold:   148        SH: 11    Dex: 15    Spells: 15/15 levels left

rFire    + . .     SeeInvis .   a - +0 long sword
rCold    . . .     Gourm    .   c - +0 shield
rNeg     . . .     Faith    .   z - +1 chain mail {rF+}
rPois    .         Spirit   .   b - +0 helmet
rElec    .         Reflect  .   (no cloak)
rCorr    .         Harm     .   (no gloves)
MR       +....                  (no boots)
Stlth    ..........             (no amulet)
HPRegen  0.22/turn              (no ring)
MPRegen  0.14/turn              g - ring of protection from magic

@: very slightly contaminated, glowing, invisible (but backlit and visible)
A: distributed training, fangs 1, strong nose
a: Renounce Religion


You were in a bailey.
You worshipped the Shining One.
The Shining One was aware of your devotion.
You were not hungry.

You visited 2 branches of the dungeon, and saw 8 of its levels.
You also visited: Bailey.

You collected 288 gold pieces.
You spent 140 gold pieces at shops.

Inventory:

Hand Weapons
 a - a +0 long sword (weapon)
Armour
 b - a +0 helmet (worn)
 c - a +0 shield (worn)
 z - a +1 chain mail of fire resistance (worn)
Jewellery
 g - a ring of protection from magic (right hand)
 m - an uncursed amulet of magic regeneration
 F - the amulet of Tulinos {Regen+ Int+3, unknown}
   (You found it on level 7 of the Dungeon)

   [amulet of regeneration]

   It affects your intelligence (+3).
   It increases your rate of regeneration.
Wands
 o - a wand of polymorph (12/24)
 y - a wand of confusion (32/48)
Scrolls
 i - a scroll of fear
 k - 5 scrolls of remove curse
 l - 2 scrolls of amnesia
 r - a scroll of enchant weapon
 t - 2 scrolls of random uselessness {unknown}
 u - 2 scrolls of teleportation {unknown}
 w - 2 scrolls of recharging {unknown}
 A - 2 scrolls of identify
 D - a scroll of magic mapping {unknown}
Potions
 d - 2 potions of might
 h - a potion of mutation
 j - 2 potions of flight
 n - 10 potions of curing
 q - a potion of lignification
 v - a potion of brilliance
 x - a potion of haste
 B - a potion of ambrosia {unknown}
Books
 e - a book of Frost

   Spells                             Type                      Level
   a - Freeze                         Ice                          1
   b - Throw Frost                    Conjuration/Ice              2
   c - Ozocubu's Armour               Charms/Ice                   3
   d - Throw Icicle                   Conjuration/Ice              4
   e - Summon Ice Beast               Ice/Summoning                4
Comestibles
 f - 6 bread rations
 p - 5 royal jellies
 C - a meat ration
 E - a chunk of flesh


   Skills:
 + Level 7.6 Fighting
 + Level 3.8 Short Blades
 + Level 6.0 Long Blades
 + Level 3.8 Axes
 + Level 3.8 Maces & Flails
 + Level 3.8 Polearms
 + Level 3.8 Staves
 + Level 3.8 Slings
 + Level 3.8 Bows
 + Level 3.8 Crossbows
 + Level 3.8 Throwing
 + Level 7.6 Armour
 + Level 3.8 Dodging
 + Level 3.8 Stealth
 + Level 7.6 Shields
 + Level 3.8 Unarmed Combat
 + Level 3.8 Spellcasting
 + Level 3.8 Conjurations
 + Level 3.8 Hexes
 + Level 3.8 Charms
 + Level 3.8 Summonings
 + Level 3.8 Necromancy
 + Level 3.8 Translocations
 + Level 3.8 Transmutations
 + Level 3.8 Fire Magic
 + Level 3.8 Ice Magic
 + Level 3.8 Air Magic
 + Level 3.8 Earth Magic
 + Level 3.8 Poison Magic
 + Level 3.8 Invocations
 + Level 3.8 Evocations


You had 15 spell levels left.
You didn't know any spells.

Dungeon Overview and Level Annotations

Branches:
Dungeon (7/15)             Temple (1/1) D:5

Altars:
Ashenzari
Cheibriados
Dithmenos
Elyvilon
Fedhas
Gozag
Hepliaklqana
Kikubaaqudgha
Makhleb
Okawaru
Qazlal
Ru
Sif Muna
Trog
Uskayaw
Wu Jian
Xom
The Shining One

Shops:
D:4 ?   D:5 !   D:6 *

Annotations:
Bailey Vomitron's ghost, journeyman GrFi


Innate Abilities, Weirdness & Mutations

Your experience applies equally to all skills.
You have very sharp teeth.
Your uncanny sense of smell can sniff out nearby items.


Message History

An orc comes into view. It is wielding an arbalest.
The orc shouts!
You hear a shout!
The orc warrior shoots a bolt.
The bolt barely misses you. Vomitron's ghost hits you.
The orc shoots a bolt.
The bolt hits you.
You see here a bolt.
You hit Vomitron's ghost but do no damage.
Vomitron's ghost hits you.
You are electrocuted!
* * * LOW HITPOINT WARNING * * *
The orc shoots a bolt.
The bolt hits you!
* * * LOW HITPOINT WARNING * * *
Unknown command.
It was a potion of invisibility.
You become transparent, but the glow from your halo prevents you from becoming completely invisible.
Vomitron's ghost barely misses you.
You riposte.
You hit Vomitron's ghost but do no damage.
The orc warrior shoots a bolt.
The bolt barely misses you.
You are very lightly contaminated with residual magic.
Vomitron's ghost hits you but does no damage.
You are electrocuted!
You die...

...........#
............#
.............#
.............#
.............#
...o.........#
.........(...#
.............#
.........W@..#
.......(.....#
.≈≈≈≈≈.......#
≈≈#.#≈≈...(..#
# ##≈......#
^oo≈....(.#
#.##≈....(.# #
#≈≈......#
≈≈≈......(#


You could see 2 orc warriors, Vomitron's ghost and an orc.

Vanquished Creatures
  Sigmund (D:6)
  A black bear (D:6)
  A phantom (D:7)
  An ogre (D:5)
  A sky beast (D:7)
  A necrophage (D:7)
  A centaur (D:4)
  The ghost of saturnerianis the Summoner, an amateur GnSu (D:3)
  A wyvern zombie (D:7)
  A scorpion (D:5)
  2 crimson imps (D:6)
  3 jellies (D:6)
  3 hounds
  4 orc wizards
  Jessica (D:2)
  Ijyb (D:4)
  3 iguanas
  6 worker ants
  Natasha (D:3)
  A hound zombie (D:5)
  A worker ant zombie (D:7)
  A howler monkey skeleton (D:6)
  7 adders
  A shadow imp (D:5)
  An ooze (D:3)
  An adder skeleton (D:5)
  An adder zombie (D:5)
  2 worms
  2 dart slugs
  3 leopard geckos
  13 orcs
  8 giant cockroaches
  6 goblins
  6 hobgoblins
  22 jackals
  7 quokkas
  7 bats
  6 frilled lizards
  5 kobolds
  A leopard gecko zombie (D:5)
  A quokka skeleton (D:4)
  A quokka zombie (D:7)
  4 rats
142 creatures vanquished.

Notes
Turn   | Place    | Note
-------+----------+-------------------------------------------
     0 | D:1      | qqqbard the Gnoll Fighter began the quest for the Orb.
     0 | D:1      | Reached XP level 1. HP: 23/23 MP: 1/1
   215 | D:1      | Reached XP level 2. HP: 29/29 MP: 2/2
   631 | D:2      | Reached XP level 3. HP: 31/35 MP: 3/3
   683 | D:2      | Reached skill level 1 in Short Blades
   683 | D:2      | Reached skill level 1 in Axes
   683 | D:2      | Reached skill level 1 in Maces & Flails
   683 | D:2      | Reached skill level 1 in Polearms
   683 | D:2      | Reached skill level 1 in Staves
   683 | D:2      | Reached skill level 1 in Slings
   683 | D:2      | Reached skill level 1 in Bows
   683 | D:2      | Reached skill level 1 in Crossbows
   683 | D:2      | Reached skill level 1 in Throwing
   683 | D:2      | Reached skill level 1 in Dodging
   683 | D:2      | Reached skill level 1 in Stealth
   683 | D:2      | Reached skill level 1 in Unarmed Combat
   683 | D:2      | Reached skill level 1 in Spellcasting
   683 | D:2      | Reached skill level 1 in Conjurations
   683 | D:2      | Reached skill level 1 in Hexes
   683 | D:2      | Reached skill level 1 in Charms
   683 | D:2      | Reached skill level 1 in Summonings
   683 | D:2      | Reached skill level 1 in Necromancy
   683 | D:2      | Reached skill level 1 in Translocations
   683 | D:2      | Reached skill level 1 in Transmutations
   683 | D:2      | Reached skill level 1 in Fire Magic
   683 | D:2      | Reached skill level 1 in Ice Magic
   683 | D:2      | Reached skill level 1 in Air Magic
   683 | D:2      | Reached skill level 1 in Earth Magic
   683 | D:2      | Reached skill level 1 in Poison Magic
   683 | D:2      | Reached skill level 1 in Invocations
   683 | D:2      | Reached skill level 1 in Evocations
   683 | D:2      | Reached XP level 4. HP: 21/41 MP: 5/5
   952 | D:2      | Noticed Jessica
   958 | D:2      | Killed Jessica
  1073 | D:2      | Found a white marble altar of Elyvilon.
  1084 | D:2      | Became a worshipper of Elyvilon the Healer
  1516 | D:3      | Reached XP level 5. HP: 45/47 MP: 6/6
  1763 | D:3      | Noticed saturnerianis's ghost (amateur GnSu)
  1768 | D:3      | Noticed an ice beast
  1770 | D:3      | Noticed an ice beast
  1778 | D:3      | Killed saturnerianis's ghost
  1778 | D:3      | Reached XP level 6. HP: 44/53 MP: 8/8
  1785 | D:3      | Reached * piety under Elyvilon
  1812 | D:3      | Noticed Natasha
  1817 | D:3      | Killed Natasha
  2143 | D:4      | Found a hide-covered altar of Uskayaw.
  2144 | D:4      | Noticed a hand axe
  2144 | D:4      | Noticed a dagger
  2329 | D:4      | Reached skill level 5 in Long Blades
  2376 | D:4      | Reached XP level 7. HP: 34/59 MP: 10/10
  2481 | D:4      | Found Gusuh's Magic Scroll Shop.
  2486 | D:4      | Noticed Ijyb
  2493 | D:4      | Killed Ijyb
  2512 | D:4      | Bought a scroll of identify for 20 gold pieces
  2512 | D:4      | Bought a scroll of identify for 20 gold pieces
  2512 | D:4      | Bought a scroll of identify for 20 gold pieces
  2512 | D:4      | Bought a scroll of identify for 20 gold pieces
  2512 | D:4      | Bought a scroll of identify for 20 gold pieces
  2512 | D:4      | Bought 2 scrolls of identify for 40 gold pieces
  2641 | D:5      | Entered Level 5 of the Dungeon
  3137 | D:5      | Found Vafamih's Distillery.
  3188 | D:5      | Found a staircase to the Ecumenical Temple.
  3198 | Temple   | Entered the Ecumenical Temple
  3234 | Temple   | Fell from the grace of Elyvilon
  3234 | Temple   | Became a worshipper of the Shining One
  3394 | D:5      | Found an ancient bone altar of Kikubaaqudgha.
  3484 | D:5      | Found a bloodstained altar of Trog.
  3590 | D:6      | Reached * piety under the Shining One
  3591 | D:6      | Found Josmig's Assorted Antiques.
  3629 | D:6      | Reached XP level 8. HP: 67/67 MP: 12/12
  3649 | D:6      | Found a burning altar of Makhleb.
  3804 | D:6      | Found an ornate altar of the Wu Jian Council.
  4740 | D:6      | Noticed Sigmund
  4754 | D:6      | Killed Sigmund
  4951 | D:7      | Reached XP level 9. HP: 66/72 MP: 14/14
  4962 | D:7      | Got a bound diamond amulet
  4984 | D:7      | Found a blossoming altar of Fedhas.
  5067 | D:7      | Found a flagged portal.
  5087 | Bailey   | Entered a bailey
  5095 | Bailey   | Noticed Vomitron's ghost (journeyman GrFi)
  5102 | Bailey   | HP: 3/73 [orc/bolt (12)]
  5106 | Bailey   | Demolished by Vomitron's ghost

Vault maps used:
D:1:      scummos_arrival_star
D:2:      old_standard_altar, st_stairs_1, eino_tiny_chamber, uniq_jessica
D:3:      first_bread, uniq_natasha
D:4:      dancing_weapons_uskayaw, serial_shops, shop,
          hangedman_abyss_or_decor_stabs, uniq_ijyb
D:5:      kennysheep_mini_moat, minmay_temple_entry_large_hall, serial_shops,
          kennysheep_mini, serial_bayou_pond_e, trog_book
D:6:      makhleb_grotto_becter, lemuel_crystal_altar, kennysheep_windowed_goal,
          uniq_sigmund
D:7:      enter_bailey_2, fedhas_altar_decomposition
Temple:   nicolae_temple_hex_pool
Bailey:   bailey_polearm_2, bailey

Skill      XL: |  1  2  3  4  5  6  7  8 |
---------------+-------------------------+-----
Short Blades   | 1 2 3 |  3.8
Axes           | 1 2 3 |  3.8
Maces & Flails | 1 2 3 |  3.8
Polearms       | 1 2 3 |  3.8
Staves         | 1 2 3 |  3.8
Slings         | 1 2 3 |  3.8
Bows           | 1 2 3 |  3.8
Crossbows      | 1 2 3 |  3.8
Throwing       | 1 2 3 |  3.8
Dodging        | 1 2 3 |  3.8
Stealth        | 1 2 3 |  3.8
Unarmed Combat | 1 2 3 |  3.8
Spellcasting   | 1 2 3 |  3.8
Conjurations   | 1 2 3 |  3.8
Hexes          | 1 2 3 |  3.8
Charms         | 1 2 3 |  3.8
Summonings     | 1 2 3 |  3.8
Necromancy     | 1 2 3 |  3.8
Translocations | 1 2 3 |  3.8
Transmutations | 1 2 3 |  3.8
Fire Magic     | 1 2 3 |  3.8
Ice Magic      | 1 2 3 |  3.8
Air Magic      | 1 2 3 |  3.8
Earth Magic    | 1 2 3 |  3.8
Poison Magic   | 1 2 3 |  3.8
Invocations    | 1 2 3 |  3.8
Evocations     | 1 2 3 |  3.8
Long Blades    | 5 6 |  6.0
Fighting       | 7 |  7.6
Armour         | 7 |  7.6
Shields        | 7 |  7.6

Action                   |  1- 3 |  4- 6 |  7- 9 || total
-------------------------+-------+-------+-------++-------
Melee: Long sword        |    62 |   155 |   287 ||   504
       Bite              |     7 |    13 |    43 ||    63
  Use: Scroll            |       |       |    12 ||    12
       Potion            |       |       |     1 ||     1
  Eat: Chunk             |       |     5 |     9 ||    14
Armor: Scale mail        |    19 |       |       ||    19
       Chain mail        |       |   108 |   135 ||   243
Dodge: Dodged            |    21 |    52 |    82 ||   155
Block: Shield            |    26 |   113 |   168 ||   307
       Rpst.: Long sword |     7 |    17 |    23 ||    47

Table legend:
 A = Spawn XP
 B = Non-spawn XP
 C = Spawn XP percentage of total XP
 D = Spawn monster count
 E = Non-spawn monster count
 F = Spawn count percentage of total count
 G = Total turns spent on level
                    A         B        C        D         E        F      G
               +---------+---------+-------+---------+---------+-------+---------
         Total |       0 |    2555 |   0.0 |       0 |     142 |   0.0 |  5106
               +---------+---------+-------+---------+---------+-------+---------
           D:1 |       0 |      20 |   0.0 |       0 |      11 |   0.0 |   571
           D:2 |       0 |     133 |   0.0 |       0 |      30 |   0.0 |   861
           D:3 |       0 |     210 |   0.0 |       0 |      25 |   0.0 |   675
           D:4 |       0 |     400 |   0.0 |       0 |      22 |   0.0 |   723
           D:5 |       0 |     360 |   0.0 |       0 |      16 |   0.0 |   576
           D:6 |       0 |     833 |   0.0 |       0 |      22 |   0.0 |  1283
           D:7 |       0 |     599 |   0.0 |       0 |      16 |   0.0 |   278
               +---------+---------+-------+---------+---------+-------+---------
